 Dungeon Crawl Stone Soup version 0.17.1-2-g5865329 (webtiles) character file.

79 Rookster the Ruffian (level 4, -2/37 (39) HPs)
             Began as a Ghoul Monk on Feb 10, 2016.
             Slain by a goblin
             ... wielding a +0 dagger
             ... led by Robin
              (5 damage)
             ... on level 3 of the Dungeon.
             The game lasted 00:12:30 (2050 turns).

Rookster the Ruffian (Ghoul Monk)                   Turns: 2050, Time: 00:12:31

HP:   -2/37 (39)    AC:  3    Str: 14    XL:     4   Next: 38%
MP:   3/3           EV: 13    Int:  5    God:
Gold: 55            SH:  0    Dex: 12    Spells: 0 memorised, 3 levels left

rFire  . . .     SeeInvis .       - Unarmed
rCold  + . .     Clarity  .     a - +1 robe
rNeg   + + +     SustAt   .     (no shield)
rPois  ∞         Gourm    .     (no helmet)
rElec  .         Spirit   .     (no cloak)
rCorr  .         Warding  .     (no gloves)
rMut   .         Stasis   .     (no boots)
MR     .....                    (no amulet)
Stlth  ++........               (no ring)
                                (no ring)

@: rotting, not resistant to hostile enchantments, unstealthy
A: rotting body, claws 1, carnivore 3, cold resistance 1, negative energy
resistance 3, slow regeneration 1, torment resistance, unbreathing
a: no special abilities


You were on level 3 of the Dungeon.
You were not hungry.

You visited 1 branch of the dungeon, and saw 3 of its levels.

You collected 55 gold pieces.

Inventory:

Missiles
 e - 77 stones (quivered)
 k - 15 poisoned needles
Armour
 a - a +1 robe (worn)
 c - a +0 leather armour
 h - a +0 chain mail
Scrolls
 m - 4 scrolls of remove curse
Potions
 d - a potion of ambrosia
 f - a potion of might {unknown}
 g - a potion of haste {unknown}
 i - a potion of lignification {unknown}
Comestibles
 b - 3 meat rations
 j - a beef jerky
 l - 2 chunks of flesh


   Skills:
 + Level 3.6 Fighting
 + Level 3.1 Dodging
 + Level 3.1 Stealth
 + Level 5.3 Unarmed Combat


You had 3 spell levels left.
You didn't know any spells.

Dungeon Overview and Level Annotations

Branches:
Dungeon (3/15)

Altars:
Ashenzari
Elyvilon
Kikubaaqudgha

Annotations:
D:3 Robin


Innate Abilities, Weirdness & Mutations

Your body is rotting away.
You thrive on raw meat.
You are immune to poison.
You have sharp fingernails.
You are carnivorous and can eat meat at any time.
Your flesh is cold resistant.
You are immune to negative energy.
You regenerate slowly when monsters are visible.
You are immune to unholy pain and torment.
You can survive without breathing.


Message History

Robin closely misses you. The goblin hits you with a dagger.
* * * LOW HITPOINT WARNING * * *
The goblin hits you with a dagger of draining.
* * * LOW HITPOINT WARNING * * *
The goblin hits you with a dagger.
* * * LOW HITPOINT WARNING * * *
You closely miss the goblin. The goblin barely misses you.
The goblin hits you but does no damage.
Eat one of 4 chunks of flesh? (ye/n/q/i?)
You feel more resilient.
This raw flesh tastes great!
The goblin hits you but does no damage. The goblin hits you with a dagger.
* * * LOW HITPOINT WARNING * * *
The goblin hits you but does no damage.
Some of the chunks of flesh in your inventory have rotted away.
You continue eating.
The goblin closely misses you.
Robin hits you from afar with a trident.
* * * LOW HITPOINT WARNING * * *
The goblin hits you with a dagger.
You die...

......#.......#
.......
.###.#####
....... ..##.##
....... #.#...#
....... #.#.#.#
.......####.#.#.#
.......g....<.#.#
......gg#######.#
.....ggg@g....#.#
.....sg######.#.#
....... #...#
....... #####
%...s.. .......
....... .......


You could see Robin, a giant cockroach, a hobgoblin (frenzied) and 6 goblins.

Vanquished Creatures
  3 adders (D:2)
  2 oozes (D:2)
  3 giant geckos
  A ball python (D:1)
  6 bats
  3 giant cockroaches (D:1)
  6 goblins
  6 hobgoblins
  5 kobolds
  4 giant newts
  6 rats
45 creatures vanquished.

Notes
Turn   | Place    | Note
--------------------------------------------------------------
     0 | D:1      | Rookster the Ghoul Monk began the quest for the Orb.
     0 | D:1      | Reached XP level 1. HP: 19/19 MP: 0/0
   160 | D:1      | Reached XP level 2. HP: 26/26 MP: 1/1
   768 | D:1      | Reached XP level 3. HP: 27/31 MP: 2/2
   977 | D:2      | Found an ancient bone altar of Kikubaaqudgha.
   991 | D:2      | Reached skill level 5 in Unarmed Combat
  1426 | D:2      | Reached XP level 4. HP: 37/37 MP: 3/3
  1893 | D:2      | Found a white marble altar of Elyvilon.
  2004 | D:3      | Found a shattered altar of Ashenzari.
  2033 | D:3      | Noticed Robin
  2047 | D:3      | HP: 1/36 [goblin/dagger[Robin] (3)]
  2050 | D:3      | Slain by a goblin

Action                   |  1- 3 |  4- 6 || total
-------------------------+-------+-------++-------
Melee: Unarmed           |   114 |    33 ||   147
  Use: Scroll            |     7 |       ||     7
 Stab: Distracted        |     2 |       ||     2
       Sleeping          |     3 |     1 ||     4
  Eat: Chunk             |    10 |     2 ||    12
